Map: Lerilak Crest

Players

Geiko - Winner!

  • Race: Protoss Protoss

Machine

  • Race: Zerg Zerg

VOD

Have the link to the VOD?

Description

Time

  • Played on: May 11, 2015, 12:09 p.m.
  • Length: 5:37
Show
View Real Time Build Order
Export as new Build Order

Geiko Protoss - Winner!

Build Orders: 4 Gate Adept, Mass Adepts 

Get SALT Encoding   

  12  0:01  Probe  
  13  0:13  Pylon  
  13  0:17  Probe  
  14  0:31  Gateway  
  14  0:33  Probe (Chrono Boost)  
  16  0:43  Probe (Chrono Boost), Assimilator  
  16  0:50  Probe  
  17  0:58  Gateway  
  17  1:02  Probe  
  18  1:14  Probe  
  19  1:18  Cybernetics Core  
  19  1:21  Assimilator  
  19  1:26  Probe  
  19  1:30  Pylon  
  20  1:38  Probe  
  21  1:50  Probe  
  22  1:55  Adept, Warp Gate (Chrono Boost)  
  22  1:56  Adept  
  26  2:02  Probe  
  26  2:07  Twilight Council  
  27  2:14  Probe  
  28  2:24  Gateway  
  28  2:30  Gateway  
  28  2:36  Pylon  
  28  2:41  Probe  
  29  3:17  Pylon  
  29  3:20  Shield Upgrade (Chrono Boost)  
  29  3:35  Pylon  
  29  3:38  Adept x4  
  36  3:58  Probe  
  36  4:00  Dark Shrine  
  35  4:07  Adept x4  
  43  4:14  Pylon  
  43  4:39  Pylon  
  43  4:40  Adept x4  
  49  5:01  Adept x3  
  49  5:02  Adept  
  49  5:22  Dark Templar  
  49  5:23  Dark Templar  
  47  5:32  Dark Templar  
Show
View Real Time Build Order
Export as new Build Order

Machine Zerg 

Build Orders: Hatch First 

Get SALT Encoding   

  12  0:01  Drone  
  13  0:08  Drone  
  14  0:16  Overlord  
  14  0:24  Drone, Extractor  
  15  0:34  Drone x2  
  17  0:52  Hatchery  
  17  0:54  Drone  
  17  0:57  Drone  
  18  1:11  Spawning Pool  
  18  1:13  Drone  
  18  1:15  Extractor  
  18  1:18  Drone  
  18  1:27  Drone  
  19  1:39  Overlord  
  19  1:48  Drone  
  20  1:57  Queen  
  20  1:59  Drone  
  23  2:04  Queen  
  23  2:05  Zergling x2  
  26  2:09  Drone  
  26  2:15  Metabolic Boost, Drone  
  28  2:23  Overlord  
  28  2:26  Drone  
  29  2:33  Queen  
  29  2:36  Drone  
  32  2:37  Drone  
  33  2:49  Drone x2  
  33  2:58  Roach Warren  
  33  2:59  Zergling x4  
  31  3:08  Zergling x8  
  31  3:10  Drone x2  
  37  3:16  Drone  
  37  3:17  Drone x3  
  41  3:28  Overlord  
  41  3:29  Drone x2  
  42  3:46  Overlord  
  41  3:52  Roach x6  
  50  3:59  Roach  
  50  4:00  Roach  
  52  4:07  Roach x3  
  52  4:09  Roach  
  60  4:19  Overlord  
  60  4:37  Overlord  
  60  4:40  Roach  
  60  4:41  Roach x2  
  60  4:42  Zergling x2  
  60  4:43  Zergling x6  
  68  4:46  Overlord  
  66  5:00  Roach x2, Zergling x8  
  65  5:09  Zergling x10  
  64  5:33  Spore Crawler  
Tags
 
Build Order
4 Gate Adept
Composition
Mass Adepts
Matchup
PvZ
Player
Machine
Add a new tag
Caveats
  • Supply blocks, unpowered buildings, or Contaminate may cause inaccurate times.
  • Supply counts are checked every 10 seconds.